 Dungeon Crawl Stone Soup version 0.22-a0-833-g8522bf8 (webtiles) character file.

12 inc the Shooter (level 2, 22/22 HPs)
             Began as a Demonspawn Hunter on July 25, 2018.
             Quit the game on level 1 of the Dungeon.
             The game lasted 00:00:33 (412 turns).

inc the Shooter (Demonspawn Hunter)                  Turns: 412, Time: 00:00:34

Health: 22/22      AC:  3    Str: 12    XL:     2   Next: 20%
Magic:  2/2        EV: 12    Int: 12    God:
Gold:   34         SH:  0    Dex: 13    Spells: 1/1 levels left

rFire    . . .     SeeInvis .   b - +0 short sword
rCold    . . .     Gourm    .   (no shield)
rNeg     . . .     Faith    .   c - +0 leather armour
rPois    .         Spirit   .   (no helmet)
rElec    .         Reflect  .   (no cloak)
rCorr    .         Harm     .   (no gloves)
MR       .....                  (no boots)
Stlth    +.........             (no amulet)
HPRegen  0.07/turn              (no ring)
MPRegen  0.08/turn              (no ring)

@: no status effects
A: talons 1
a: no special abilities


You were on level 1 of the Dungeon.
You were not hungry.

You visited 1 branch of the dungeon, and saw 1 of its levels.

You collected 34 gold pieces.

Inventory:

Hand Weapons
 a - a +1 shortbow
 b - a +0 short sword (weapon)
Missiles
 d - 18 arrows
Armour
 c - a +0 leather armour (worn)
Jewellery
 l - a cursed ring of teleportation {unknown}
Scrolls
 e - a scroll of enchant weapon {unknown}
 g - a scroll of magic mapping {unknown}
 j - a scroll of identify {unknown}
 m - a scroll of remove curse {unknown}
 n - a scroll of fog {unknown}
Potions
 h - a potion of degeneration {unknown}
 i - a potion of curing {unknown}
 k - a potion of lignification {unknown}
Comestibles
 f - a ration


   Skills:
 - Level 2.0 Fighting
 + Level 4.1 Bows
 - Level 1.7 Dodging
 - Level 0.8 Stealth


You had one spell level left.
You didn't know any spells.
Your spell library was empty.

Dungeon Overview and Level Annotations

Branches:
Dungeon (1/15)

Altars:


Innate Abilities, Weirdness & Mutations

You have sharp toenails.


Message History

No target in view!
No target in view!
No target in view!
No target in view!
No target in view!
No target in view!
No target in view!
No target in view!
No target in view!
No target in view!
No target in view!
Things that are here:
a dagger; a rat corpse; a goblin corpse
n - a scroll labeled HOMOOSS DU FIO A goblin comes into view.
It is wielding a dagger.
The goblin shouts!
A goblin is nearby!
A rat comes into view.
A jackal comes into view.
Are you sure you want to abandon this character and quit the game? (Confirm with "yes".)

#.#.###.## #.....h..#
#........#
###........# ###..
...........# .....
#........# # ####.
###........##.##
#####
......g@....(...
..... ...>r......##.#
#.... ###........# #
#.... ###........##.#
# ......
#.............# #
##...##.............#
#
#....#......)......#
# ..#.#.............#
.........########.#


You could see a jackal (wandering), a goblin and a rat.

Vanquished Creatures
  2 goblins (D:1)
  2 hobgoblins (D:1)
  2 jackals (D:1)
  2 bats (D:1)
  A kobold (D:1)
  2 rats (D:1)
11 creatures vanquished.

Notes
Turn   | Place    | Note
-------+----------+-------------------------------------------
     0 | D:1      | inc the Demonspawn Hunter began the quest for the Orb.
     0 | D:1      | Reached XP level 1. HP: 16/16 MP: 1/1
   225 | D:1      | Reached skill level 4 in Bows
   230 | D:1      | Gained mutation: You have sharp toenails. [demonic ancestry]
   230 | D:1      | Reached XP level 2. HP: 15/22 MP: 2/2
   412 | D:1      | Quit the game

Vault maps used:
D:1:      dpeg_arrival_snail

Skill      XL: |  1 |
---------------+----+-----
Bows           | 4 |  4.1
Fighting       | |  2.0
Dodging        | |  1.7
Stealth        | |  0.8

Action                   || total
-------------------------++-------
Melee: Short sword       ||    13
 Fire: Shortbow          ||    11
 Stab: Sleeping          ||     1
Armor: Leather armour    ||    10
Dodge: Dodged            ||    21

Table legend:
 A = Spawn XP
 B = Non-spawn XP
 C = Spawn XP percentage of total XP
 D = Spawn monster count
 E = Non-spawn monster count
 F = Spawn count percentage of total count
 G = Total turns spent on level
                    A         B        C        D         E        F      G
               +---------+---------+-------+---------+---------+-------+---------
         Total |       0 |      18 |   0.0 |       0 |      11 |   0.0 |   412
               +---------+---------+-------+---------+---------+-------+---------
           D:1 |       0 |      18 |   0.0 |       0 |      11 |   0.0 |   412
               +---------+---------+-------+---------+---------+-------+---------
